 Dungeon Crawl Stone Soup version 0.31-a0-978-g1e143483b6 (webtiles) character file.

Game seed: 13338216639291407821

1178 Xavori the Trooper (level 8, -1/64 HPs)
             Began as a Djinni Chaos Knight on Oct 31, 2023.
             Was a Plaything of Xom.
             Slain by a bullfrog (5 damage)
             ... on level 6 of the Dungeon.
             The game lasted 00:10:52 (7101 turns).

Xavori the Trooper (Djinni Chaos Knight)            Turns: 7101, Time: 00:10:53

Health: -1/64      AC:  5    Str: 11    XL:     8   Next: 69%
Gold:   1254       EV: 15    Int: 14    God:    Xom [......] SH:  0 Dex: 22

rFire   + + .        a - +1 falchion (chaos)
rCold   + . .        (no shield)
rNeg    . . .        b - +2 leather armour
rPois   ∞            (helmet restricted)
rElec   .            (no cloak)
rCorr   .            (no gloves)
SInv    .            (boots unavailable)
Will    +....        (no amulet)
Stlth   ++           i - +6 ring of dexterity
HPRegen 0.30/turn    j - ring "Uvim" {rC++ Will+ MP-9 Dex+3}
MPRegen 0.00/turn

%: infuse magic (-2 HP)
@: flying
A: sickness immunity, fire resistance 2, cold vulnerability 1, float, innate
caster, HP casting, extra vitality 1, antennae 1, clumsy 1, robust 1
a: Renounce Religion


You were on level 6 of the Dungeon.
You worshipped Xom.
You were a very special plaything of Xom.
You visited 1 branch of the dungeon, and saw 6 of its levels.
You also visited: Sewer and Ossuary.

You collected 1410 gold pieces.
You spent 156 gold pieces at shops.

Inventory:

Hand Weapons
 a - a +1 falchion of chaos (weapon)
Armour
 b - a +2 leather armour (worn)
Jewellery
 i - a +6 ring of dexterity (left hand)
 j - the ring "Uvim" (right hand) {rC++ Will+ MP-9 Dex+3}
   (You acquired it on level 3 of the Dungeon)

   [ring of willpower]

   Dex+3:     It affects your dexterity (+3).
   rC++:      It greatly protects you from cold.
   Will+:     It increases your willpower.
   MP-9:      It affects your magic capacity (-9).
 u - a ring of protection from cold
Talismans
 h - a talisman of death
Wands
 q - a wand of flame (18)
Scrolls
 c - a scroll of butterflies
 d - a scroll of fog {unknown}
 g - 2 scrolls of enchant armour
 n - 3 scrolls of teleportation
 r - a scroll of torment
 s - a scroll of immolation
 t - 2 scrolls of brand weapon
 w - a scroll of identify
 y - a scroll of fear
Potions
 e - a potion of mutation
 f - 4 potions of curing
 k - a potion of magic
 l - 2 potions of berserk rage
 m - 6 potions of enlightenment
 o - a potion of resistance {unknown}
 p - 2 potions of brilliance {unknown}
 v - 3 potions of might {unknown}
 x - a potion of attraction {unknown}
 z - a potion of lignification {unknown}


   Skills:
 + Level 5.0 Fighting
 + Level 4.6 Long Blades
 + Level 4.1 Armour
 + Level 4.9 Dodging
 * Level 3.5 Spellcasting
 * Level 3.5 Conjurations
 * Level 3.5 Hexes
   Level 0.0 Charms
 * Level 3.5 Summonings
 * Level 3.5 Necromancy
 * Level 3.5 Translocations
 * Level 3.5 Transmutations
 * Level 3.5 Fire Magic
 * Level 3.5 Ice Magic
 * Level 3.5 Air Magic
 * Level 3.5 Earth Magic
 * Level 3.5 Poison Magic
 - Level 0.5 Shapeshifting


You knew the following spells:

 Your Spells              Type           Power      Damage    Failure   Level
a - Sandblast             Erth           24%        2d8       6%          1
b - Poisonous Vapours     Pois/Air       24%        N/A       10%         2
c - Vampiric Draining     Necr           12%        2d6       19%         3
Your spell library was empty.

Dungeon Overview and Level Annotations

Branches:
Dungeon (6/15)             Temple (0/1) D:6           Sewer (visited)
Ossuary (visited)

Altars:
Ashenzari
Elyvilon
Hepliaklqana
Okawaru
Qazlal
Xom

Shops:
D:2 *


Innate Abilities, Weirdness & Mutations

You are immune to sickness and miasma.
You are immune to poison.
Your flesh is very heat resistant. (rF++)
You are vulnerable to cold. (rC-)
You float through the air rather than walking.
You learn spells naturally, not from books.
Your magical power is your life essence.
You have superior vitality. (+4 MHP)
You have a pair of small antennae on your head.
You are clumsy. (Dex -2)
You are robust. (+10% HP)


Message History

The bullfrog gives a loud, deep croak!
You hit the black bear.
The black bear is poisoned.
The black bear is lightly wounded.
The black bear barely misses you. The black bear closely misses you.
The black bear claws you but does no damage.
You hit the black bear. You freeze the black bear.
The black bear is heavily wounded.
Xom's power touches on you for a moment.
Your body is wracked with pain!
The black bear bites you.
The black bear claws you but does no damage.
The black bear claws you.
You are too injured to fight recklessly!
You are too injured to fight recklessly!
You hit the black bear but do no damage.
The black bear is severely wounded.
The black bear goes berserk!
You hit the black bear. You burn the black bear.
The black bear is almost dead.
The black bear bites you!
* * * LOW HITPOINT WARNING * * *
The black bear claws you but does no damage.
The black bear claws you.
* * * LOW HITPOINT WARNING * * *
The black bear bites you.
* * * LOW HITPOINT WARNING * * *
The black bear claws you.
* * * LOW HITPOINT WARNING * * *
You emit a cloud of colourful smoke!
The black bear closely misses you. The bullfrog misses you.
You closely miss the black bear.
The black bear is almost dead.
The black bear closely misses you. The black bear barely misses you. x2
The bullfrog hits you.
* * * LOW HITPOINT WARNING * * *
Unknown command.
You slash the black bear! You freeze the black bear.
You kill the black bear!
The bullfrog closely misses you. The bullfrog hits you.
You die...
Xom laughs nastily!

#.# #.#.#....##.#
..#
#.#....##'########
### #
#....#.........#
#....#.........#
#....#.........#
#####
.....#..########
..... #..# #
##§##♣♣♣ .#
#☼@...♣ .#
#.§F§...♣ #..
#.....P♣♣ .>..
#.....♣♣ ..#
#..##♣♣ . #..#
...# #...


You could see a bullfrog.

Vanquished Creatures
  2 black bears
  An ice beast (D:6)
  A centaur (D:3)
  2 phantoms
  A bullfrog (D:5)
  A gnoll sergeant (D:6)
  3 hounds
  2 orc priests
  A sleepcap (D:5)
  3 iguanas (D:4)
  3 mummies (Ossuary)
  7 gnolls
  9 adders
  3 river rats (Sewer)
  A shadow imp (D:6)
  2 ufetubi (D:5)
  An adder zombie (Ossuary)
  5 worms
  2 dart slugs
  9 orcs
  6 ball pythons
  13 endoplasms
  5 giant cockroaches
  8 goblins
  7 hobgoblins
  12 jackals
  10 kobolds
  11 quokkas
  10 bats
  5 frilled lizards
  2 goblin zombies (Ossuary)
  4 hobgoblin zombies (Ossuary)
  4 kobold zombies (Ossuary)
  An orc zombie (Ossuary)
  4 quokka zombies (Ossuary)
  4 rats
  2 rat zombies (Ossuary)
167 creatures vanquished.

Vanquished Creatures (collateral kills)
  A jackal (Sewer)
1 creature vanquished.

Vanquished Creatures (others)
  A jackal (Sewer)
  A quokka zombie (Sewer)
  A rat zombie (D:2)
3 creatures vanquished.

Grand Total: 171 creatures vanquished

Notes
Turn   | Place    | Note
-------+----------+-------------------------------------------
     0 | D:1      | Xavori the Djinni Chaos Knight began the quest for the Orb.
     0 | D:1      | Reached XP level 1. HP: 20/20 MP: 0/0
     6 | D:1      | Noticed a minotaur skeleton
    44 | D:1      | XOM: silly message
   172 | D:1      | XOM: silly message
   190 | D:1      | Reached XP level 2. HP: 25/25 MP: 0/0
   204 | D:1      | XOM: divination: detect items
   322 | D:1      | Reached XP level 3. HP: 30/30 MP: 0/0
   322 | D:1      | Learned a level 1 spell: Sandblast
   577 | D:1      | XOM: noise
   804 | D:1      | XOM: give mutation
   804 | D:1      | Gained mutation: Your spells are a little harder to cast,
                  | but a little more powerful. [Xom's grace]
  1532 | D:1      | XOM: give mutations
  1532 | D:1      | Gained mutation: You are robust. (+10% HP) [Xom's grace]
  1532 | D:1      | Gained mutation: You are agile. (Dex +4, Str/Int -1) [Xom's
                  | grace]
  1532 | D:1      | Gained mutation: You are partially covered in large bone
                  | plates. (SH +4) [Xom's grace]
  1657 | D:2      | Found Retaid's General Store.
  1680 | D:2      | Reached skill level 1 in Spellcasting
  1680 | D:2      | Reached skill level 1 in Conjurations
  1680 | D:2      | Reached skill level 1 in Hexes
  1680 | D:2      | Reached skill level 1 in Summonings
  1680 | D:2      | Reached skill level 1 in Necromancy
  1680 | D:2      | Reached skill level 1 in Translocations
  1680 | D:2      | Reached skill level 1 in Transmutations
  1680 | D:2      | Reached skill level 1 in Fire Magic
  1680 | D:2      | Reached skill level 1 in Ice Magic
  1680 | D:2      | Reached skill level 1 in Air Magic
  1680 | D:2      | Reached skill level 1 in Earth Magic
  1680 | D:2      | Reached skill level 1 in Poison Magic
  1745 | D:2      | Reached XP level 4. HP: 38/38 MP: 0/0
  1801 | D:2      | XOM: cloud trail
  1879 | D:2      | XOM: god gift: scroll labelled JYOBLU XUB ZEI {god gift}
  2009 | D:2      | XOM: scenery: create altars
  2303 | D:2      | Reached XP level 5. HP: 23/44 MP: 0/0
  2303 | D:2      | Learned a level 2 spell: Poisonous Vapours
  2849 | D:3      | XOM: 1-stop teleportation journey
  3029 | D:3      | Found a glowing drain.
  3082 | Sewer    | Entered a sewer
  3346 | Sewer    | Reached XP level 6. HP: 51/51 MP: 0/0
  3874 | D:3      | Identified 2 scrolls of acquirement
  3875 | D:3      | Identified the "Igai" (You acquired it on level 3 of the
                  | Dungeon)
  3875 | D:3      | Acquired 989 gold pieces
  3877 | D:3      | Acquired the ring "Uvim" {rC++ Will+ MP-9 Dex+3}
  3923 | D:3      | XOM: summons 1 hostile demon
  4157 | D:3      | Reached skill level 4 in Fighting
  4281 | D:3      | Reached XP level 7. HP: 57/57 MP: 0/0
  4281 | D:3      | Learned a level 3 spell: Vampiric Draining
  4526 | D:4      | Found a broken altar of Ashenzari.
  5078 | D:4      | XOM: give mutations
  5078 | D:4      | Lost mutation: Your spells are a little harder to cast, but
                  | a little more powerful. [Xom's mischief]
  5078 | D:4      | Gained mutation: You have a pair of small antennae on your
                  | head. [Xom's mischief]
  5078 | D:4      | Lost mutation: You are agile. (Dex +4, Str/Int -1) [Xom's
                  | mischief]
  5109 | D:5      | Entered Level 5 of the Dungeon
  5256 | D:5      | Found an iron altar of Okawaru.
  5281 | D:5      | XOM: confusion (+ monsters)
  5360 | D:5      | Found a sand-covered staircase.
  5366 | Ossuary  | Entered an ossuary
  5370 | Ossuary  | XOM: confuse monster(s)
  5672 | D:5      | Found a white marble altar of Elyvilon.
  5882 | D:5      | Reached XP level 8. HP: 50/63 MP: 0/0
  5977 | D:2      | Bought a potion of curing for 39 gold pieces
  5977 | D:2      | Bought a potion of heal wounds for 65 gold pieces
  5977 | D:2      | Bought a scroll of fear for 52 gold pieces
  6284 | D:5      | XOM: give mutations
  6284 | D:5      | Gained mutation: You are clumsy. (Dex -2) [Xom's mischief]
  6284 | D:5      | Lost mutation: You are partially covered in large bone
                  | plates. (SH +4) [Xom's mischief]
  6330 | D:5      | Found a hazy altar of Hepliaklqana.
  6422 | D:6      | Found a staircase to the Ecumenical Temple.
  6425 | D:6      | XOM: enchant monster (bad)
  6464 | D:6      | XOM: noise
  6479 | D:5      | XOM: noise
  6544 | D:6      | XOM: blink monster(s)
  6559 | D:5      | HP: 1/63 [gnoll/+0 spear[a gnoll sergeant] (9)]
  6652 | D:6      | XOM: 2-stop teleportation journey
  6680 | D:6      | XOM: confusion
  6703 | D:6      | Found a stormy altar of Qazlal.
  6709 | D:6      | Reached skill level 5 in Fighting
  7097 | D:6      | XOM: torment (33/64 hp)
  7099 | D:6      | XOM: smoke on damage
  7100 | D:6      | HP: 3/64 [bullfrog (3)]
  7101 | D:6      | Slain by a bullfrog

Illustrated notes

Levels and vault maps discovered:
D:1:      shiori_arrival_whats_in_store_for_you, layout_basic,
          minmay_misc_feat_tower
D:2:      cheibrodos_pilgrimage, layout_loops_ring, serial_shops,
          nicolae_shop_tiny_glass, lexackson_kobold_supper
D:3:      layout_basic, cheibrodos_sewer_entry_bend
D:4:      layout_basic, nicolae_ashenzari_skybound
D:5:      layout_loops_ring, nicolae_elyvilon_peaceful_grove, marbit_many_paths,
          mainiacjoe_overflow_swirl, serial_glass, glass_columns_b,
          glass_columns_a, enter_ossuary_1
D:6:      layout_basic, overflow_temple_1_default,
          minmay_temple_entry_mini_moons, minmay_misc_feat_chi,
          uniq_crazy_yiuf_cottage

Skill      XL: |  1  2  3  4  5  6  7  8 |
---------------+-------------------------+-----
Long Blades    | 3 4 |  4.6
Spellcasting   | 1 2 3 |  3.5
Conjurations   | 1 2 3 |  3.5
Hexes          | 1 2 3 |  3.5
Summonings     | 1 2 3 |  3.5
Necromancy     | 1 2 3 |  3.5
Translocations | 1 2 3 |  3.5
Transmutations | 1 2 3 |  3.5
Fire Magic     | 1 2 3 |  3.5
Ice Magic      | 1 2 3 |  3.5
Air Magic      | 1 2 3 |  3.5
Earth Magic    | 1 2 3 |  3.5
Poison Magic   | 1 2 3 |  3.5
Armour         | 2 3 4 |  4.1
Dodging        | 3 4 |  4.9
Fighting       | 4 5 |  5.0
Shapeshifting  | |  0.5

Action                     |  1- 3 |  4- 6 |  7- 9 || total
---------------------------+-------+-------+-------++-------
  Melee: Falchion          |    67 |   238 |   208 ||   513
         Punch             |     1 |     7 |     2 ||    10
   Cast: Poisonous Vapours |       |     2 |     2 ||     4
  Evoke: Wand              |       |       |     1 ||     1
    Use: Scroll            |       |     5 |    10 ||    15
         Potion            |       |       |     1 ||     1
   Stab: Paralysed         |     2 |       |       ||     2
         Sleeping          |     1 |     4 |     3 ||     8
         Confused          |       |       |     1 ||     1
 Armour: Leather armour    |    25 |   164 |   130 ||   319
  Dodge: Dodged            |    41 |   216 |   159 ||   416
  Block: Other             |     4 |    51 |    29 ||    84

Table legend: (Time is in decaauts)
 A = Elapsed time spent in this place.
 B = Non-inter-level travel time spent in this place.
 C = Inter-level travel time spent in this place.
 D = Time resting spent in this place.
 E = Time spent auto-exploring this place.
 F = Levels seen in this place.
 G = Mean time per level.
                   A        B        C        D        E       F      G
               +--------+--------+--------+--------+--------+-----+--------+
         Total |   7166 |   6895 |    271 |   1800 |   3725 |   8 |  895.8 |
       Dungeon |   6077 |   5806 |    271 |   1526 |   3214 |   6 | 1012.8 |
         Sewer |    801 |    801 |      0 |    152 |    453 |   1 |  801.0 |
       Ossuary |    288 |    288 |      0 |    122 |     58 |   1 |  288.0 |
               +--------+--------+--------+--------+--------+-----+--------+

Top non-repeatable levels by time:
     D:1: 1647 daAuts
     D:2: 1078 daAuts
     D:5: 1064 daAuts
     D:3: 987 daAuts
   Sewer: 801 daAuts
     D:4: 787 daAuts
     D:6: 511 daAuts
 Ossuary: 288 daAuts
